 Dungeon Crawl Stone Soup version 0.29-a0-284-gf9362112df (webtiles) character file.

Game seed: 3572714761354662596

2366 spaghetti the Geomancer (level 9, -2/66 (68) HPs)
             Began as a Deep Dwarf Earth Elementalist on Mar 21, 2022.
             Was a Priest of Kikubaaqudgha.
             Slain by an orc warrior
             ... wielding a +0 war axe
              (5 damage)
             ... in a bailey.
             The game lasted 00:21:56 (7887 turns).

spaghetti the Geomancer (DDEE)                      Turns: 7887, Time: 00:21:57

HP:   -2/66 (68)    AC:  4    Str: 13    XL:     9   Next: 21%
MP:   1/20 (11)     EV: 12    Int: 19    God:    Kikubaaqudgha [***...]
Gold: 594           SH:  0    Dex: 13    Spells: 0/18 levels left

rFire   . . .      SeeInvis .   y - +6 hunting sling {sling}
rCold   . . .      Faith    .   (no shield)
rNeg    + . .      Spirit   .   b - +0 robe
rPois   .          Reflect  .   i - +2 hat
rElec   .          Harm     .   (no cloak)
rCorr   .          Rampage  .   (no gloves)
Will    +....                   (no boots)
Stlth   ++........              z - amulet of the acrobat
HPRegen 0.00/turn               C - ring of magical power
MPRegen 0.17/turn               f - ring of positive energy

@: studying Air Magic, lightly drained
A: damage resistance, heal wounds, sense surroundings 2, no regeneration
a: Heal Wounds, Renounce Religion, Receive Corpses


You were in a bailey.
You worshipped Kikubaaqudgha.
Kikubaaqudgha was most pleased with you.
You visited 1 branch of the dungeon, and saw 7 of its levels.
You also visited: Bailey.

You collected 594 gold pieces.


Innate Abilities, Weirdness & Mutations

You are resistant to damage.
You can heal yourself by infusing magical energy.
You passively map the area around you.
You do not regenerate.


   Skills:
 - Level 2.1 Dodging
 - Level 2.4 Stealth
 - Level 5.0 Spellcasting
 * Level 8.2 Necromancy
 - Level 0.8 Transmutations
 - Level 11.1 Earth Magic


You couldn't memorise any spells.
You knew the following spells:

 Your Spells              Type           Power      Damage    Failure   Level
a - Sandblast             Erth           94%        2d19      1%          1
b - Passwall              Tmut/Erth      22%        N/A       1%          2
c - Stone Arrow           Conj/Erth      50%        3d10      3%          3
d - Vampiric Draining     Necr           36%        2d8       1%          3
e - Animate Dead          Necr           18%        N/A       4%          4
f - Borgnjor's Vile Clut  Necr/Erth      20%        N/A       6%          5

Your spell library contained the following spells:

 Spells                   Type           Power      Damage    Failure   Level
 Animate Skeleton         Necr           72%        N/A       1%          1
 Sublimation of Blood     Necr           36%        N/A       1%          2
 Petrify                  Tmut/Erth      27%        N/A       11%         4
 Agony                    Necr           36%        N/A       12%         5
 Excruciating Wounds      Necr           18%        N/A       12%         5
 Anguish                  Hex/Necr       10%        N/A       22%         4
 Frozen Ramparts          Ice            8%         1d2       36%         3
 Ice Form                 Ice/Tmut       6%         N/A       71%         4
 Summon Ice Beast         Ice/Summ       4%         N/A       77%         4
 Simulacrum               Ice/Necr       10%        N/A       98%         6

Inventory:

Hand Weapons
 a - a +0 hand axe of distortion {!waxe}
   (You found it on level 7 of the Dungeon)
 y - a +6 hunting sling (weapon) {sling}
   (You found it on level 4 of the Dungeon)
Missiles
 c - 13 boomerangs {throwing}
 e - 4 datura-tipped darts {throwing}
 s - 62 stones {throwing}
 t - 14 poisoned darts {throwing}
 D - 2 throwing nets {=f!fthrowing}
Armour
 b - a +0 robe (worn)
 i - a +2 hat (worn)
   (You found it on level 1 of the Dungeon)
Jewellery
 f - a ring of positive energy (right hand)
   (You found it on level 2 of the Dungeon)
 z - an amulet of the acrobat (around neck)
   (You found it on level 5 of the Dungeon)
 C - a ring of magical power (left hand)
   (You found it on level 6 of the Dungeon)
Wands
 w - a wand of iceblast (4)
   (You found it on level 4 of the Dungeon)
 B - a wand of flame (19)
   (You took it off a kobold on level 6 of the Dungeon)
Scrolls
 g - 4 scrolls of noise {!r}
 h - 6 scrolls of teleportation {@r4}
 j - 4 scrolls of vulnerability {!r!r}
 n - a scroll of fog
 p - a scroll of identify {@r1}
 A - a scroll of holy word
 E - a scroll of magic mapping {!r}
Miscellaneous
 d - a condenser vane
   (You found it in a bailey)

Dungeon Overview and Level Annotations

Branches:
Dungeon (7/15)             Temple (0/1) D:4          Bailey (1/1)

Altars:
Kikubaaqudgha
Vehumet
Wu Jian

Shops:
D:2 ( D:3

:
*####≈≈.......≈≈#####
##≈.......≈##
####..)#### #.Z.#
#Z..# #.o.# ##'''##
##..o..## #...@...#
#...∩...# ##.....##
#######


You could see 2 orc warriors, a friendly kobold skeleton and a friendly kobold
brigand skeleton.


Message History

😱 MP[-3]
You lost 3 mp, and now have 6/20 mp.
Kikubaaqudgha delivers you corpses! 😱 MP[-2]
You lost 2 mp, and now have 4/20 mp.
Casting: Animate Dead (dangerous; 4% risk of failure)
Confirm with . or Enter, or press ? or * to list all spells.
You call on the dead to rise...
The dead are walking!
The orc warrior hits something with a +0 war axe!!
Your magical contamination has completely faded away. 😱 MP[-4]
You lost 4 mp, and now have 0/20 mp.
Unknown command.
What are your orders? t - Shout!
Orders for allies: a - Attack new target. r - Retreat! s - Stop attacking. g - Guard the area. f - Follow me.
Anything else - Cancel.
Gang up on whom?
Press: ? - help, Dir - move target, f - orc warrior
Aim: an orc warrior, wielding a +0 war axe and wearing a +0 ring mail (ally target) Attack!
Something barely misses your orc zombie.
Something hits your orc zombie!
Your orc zombie is destroyed!
You swap places.
The orc warrior hits your orc warrior zombie with a +0 war axe!
The orc warrior hits something with a +0 war axe!
The orc warrior closely misses your orc warrior zombie.
You swap places.
The orc warrior barely misses your orc warrior zombie.
The orc warrior hits your orc warrior zombie with a +0 war axe!
Your orc warrior zombie is destroyed!
Your orc warrior zombie hits the orc warrior! 😱 MP[+1]
You swap places.
You enter the shallow water.
Moving in this stuff is going to be slow.
The orc warrior hits your orc warrior zombie with a +0 war axe!!
Your orc warrior zombie is destroyed!
You swap places.
The orc warrior hits your orc knight zombie with a +0 war axe!
Your orc knight zombie hits the orc warrior.
The orc warrior hits your orc knight zombie with a +0 war axe!
The orc warrior hits your orc knight zombie with a +0 war axe!
Your orc knight zombie is destroyed! 😱 MP[+1]
You don't have enough magic at the moment.
Okay, then.
The orc warrior hits your kobold skeleton with a +0 war axe!
Your kobold skeleton is destroyed!
The orc warrior hits your gnoll zombie with a +0 war axe!
Your gnoll zombie is destroyed!
Fire: y) +6 hunting sling {sling}
Press: ? - help, Q - select action, (/) - cycle Shift-Dir - straight line, f - orc warrior, p - orc warrior
Aim: an orc warrior, wielding a +0 war axe and wearing a +0 ring mail (heavily wounded, 55% to hit)
You shoot a sling bullet.
The sling bullet closely misses the orc warrior.
Fire: y) +6 hunting sling {sling}
Press: ? - help, Q - select action, (/) - cycle Shift-Dir - straight line, p - orc warrior You shoot a sling bullet. 😱 MP[+1] Fire: y) +6 hunting sling {sling}
Press: ? - help, Q - select action, (/) - cycle Shift-Dir - straight line You shoot a sling bullet.
Casting: Animate Dead (dangerous; 4% risk of failure)
Confirm with . or Enter, or press ? or * to list all spells.
You don't have enough magic to cast this spell.
There is an open gate here. 😱 MP[+1]
Casting: Animate Dead (dangerous; 4% risk of failure)
Confirm with . or Enter, or press ? or * to list all spells.
You call on the dead to rise...
The dead are walking!
The orc warrior hits your kobold brigand skeleton with a +0 war axe!!
Your kobold brigand skeleton is destroyed!
The orc warrior barely misses your kobold skeleton.
The orc warrior hits your kobold brigand skeleton with a +0 war axe. 😱 MP[-4]
You lost 4 mp, and now have 0/20 mp.
Fire: y) +6 hunting sling {sling}
Press: ? - help, Q - select action, (/) - cycle Shift-Dir - straight line, f - orc warrior
Aim: an orc warrior, wielding a +0 war axe and wearing a +0 ring mail (55% to hit)
You shoot a sling bullet. The sling bullet hits the orc warrior!
The orc warrior hits you with a +0 war axe!!
* * * LOW HITPOINT WARNING * * *
Your kobold skeleton barely misses the orc warrior.
Your kobold brigand skeleton hits the orc warrior with a +0 war axe {axe}.
The orc warrior hits your kobold brigand skeleton with a +0 war axe!
The orc warrior hits your kobold skeleton with a +0 war axe!
Your kobold skeleton is destroyed! 😱 HP[-13]
You take 13 damage, and now have 3/66 hp.
Fire: y) +6 hunting sling {sling}
Press: ? - help, Q - select action, (/) - cycle Shift-Dir - straight line, f/p - orc warrior
Aim: an orc warrior, wielding a +0 war axe and wearing a +0 ring mail (moderately wounded, 55% to hit)
Really fire in your kobold skeleton's direction?
You shoot a sling bullet. The sling bullet hits the orc warrior.
The orc warrior hits you with a +0 war axe.
You die...
Kikubaaqudgha rasps: "You have failed me!
Welcome... death!"

Skill      XL: |  1  2  3  4  5  6  7  8  9 |
---------------+----------------------------+-----
Spellcasting   | 2 3 5 |  5.0
Necromancy     | 1 2 7 8 |  8.2
Earth Magic    | 5 6 8 10 11 | 11.1
Dodging        | |  2.1
Stealth        | |  2.4
Transmutations | |  0.8

Action                   |  1- 3 |  4- 6 |  7- 9 || total
-------------------------+-------+-------+-------++-------
Melee: Unarmed           |    34 |     6 |       ||    40
       Whip              |       |   164 |       ||   164
 Fire: Hunting sling     |       |       |   109 ||   109
 Cast: Sandblast         |    47 |       |    31 ||    78
       Stone Arrow       |       |    57 |     6 ||    63
       Vampiric Draining |       |       |    39 ||    39
       Animate Dead      |       |       |     2 ||     2
       Borgnjor's Vile C |       |       |     1 ||     1
Invok: Receive Corpses   |       |       |     4 ||     4
 Abil: Heal Wounds       |       |    10 |     3 ||    13
Evoke: Wand              |       |     2 |       ||     2
  Use: Scroll            |     8 |       |     6 ||    14
       Potion            |     1 |     3 |     1 ||     5
 Stab: Sleeping          |       |     1 |       ||     1
Armor: Robe              |    21 |    72 |    14 ||   107
Dodge: Dodged            |    53 |   159 |    99 ||   311

Levels and vault maps discovered:
D:1:      minmay_arrival_radiant_lines, layout_loops_corners,
          hellmonk_ecumenical_altar_leap_of_faith
D:2:      layout_basic, serial_shops, shop, minmay_nonomino_d4
D:3:      layout_basic, serial_shops, nicolae_square_shop, minmay_cut_off
D:4:      layout_basic, minmay_temple_entry_crystal_x, portal_sewer_entry_b,
          minmay_misc_feat_roman, uniq_pikel
D:5:      layout_rooms, nicolae_ashenzari_panopticon, gammafunk_ghost_split
D:6:      layout_layer_cave, vehumet_altar_wand_db, nzn_wu_jian_council_hall
D:7:      layout_rooms, nicolae_overflow_hidden_temple,
          gammafunk_ghost_wrathful_warriors, enter_bailey_2, minivault_10,
          st_stairs_12, kennysheep_big_empty_room, nicolae_island_escapes
Bailey:   bailey_axe_3, bailey

Notes
Turn   | Place    | Note
-------+----------+-------------------------------------------
     0 | D:1      | spaghetti the Deep Dwarf Earth Elementalist began the quest
                  | for the Orb.
     0 | D:1      | Reached XP level 1. HP: 15/15 MP: 3/3
     0 | D:1      | magus.rc [v1.9.6]
   168 | D:1      | Learned a level 1 spell: Sandblast
   225 | D:1      | Reached skill level 2 in Spellcasting
   522 | D:1      | Reached XP level 2. HP: 19/22 MP: 1/5
   618 | D:1      | Found a faded altar of an unknown god.
   628 | D:1      | Prayed at the altar of an unknown god.
   628 | D:1      | Became a worshipper of Kikubaaqudgha
   628 | D:1      | Reached * piety under Kikubaaqudgha
   628 | D:1      | You add the spells Animate Skeleton, Sublimation of Blood,
                  | Vampiric Draining and Agony to your library.
   628 | D:1      | Received a gift from Kikubaaqudgha
  1054 | D:2      | Found Okhlonem's Antique Weapon Shop.
  1160 | D:2      | Reached skill level 1 in Necromancy
  1308 | D:2      | Learned a level 2 spell: Passwall
  1332 | D:2      | Reached XP level 3. HP: 24/28 MP: 3/6
  1364 | D:2      | You pick up a book of Geomancy and begin reading...
  1371 | D:2      | You pick up a book of Rime and begin reading...
  1371 | D:2      | You add the spells Frozen Ramparts, Ice Form and Summon Ice
                  | Beast to your library.
  1441 | D:2      | Reached skill level 2 in Necromancy
  1559 | D:2      | Reached XP level 4. HP: 24/36 MP: 1/8
  1639 | D:2      | Learned a level 3 spell: Stone Arrow
  1860 | D:3      | Reached ** piety under Kikubaaqudgha
  2349 | D:3      | HP: 1/36 [something (9)]
  2601 | D:4      | Noticed a scorpion
  2612 | D:4      | Reached skill level 3 in Spellcasting
  2823 | D:4      | Noticed Pikel
  2823 | D:4      | Noticed a lemure
  2823 | D:4      | Noticed a lemure
  2823 | D:4      | Noticed a lemure
  2823 | D:4      | Noticed a lemure
  2881 | D:3      | HP: 9/36 [lemure[Pikel] (1)]
  2896 | D:3      | HP: 9/36 [lemure[Pikel] (3)]
  2919 | D:3      | Killed a lemure
  3152 | D:3      | Reached skill level 5 in Earth Magic
  3320 | D:3      | Found Naibeim's Book Emporium.
  3399 | D:3      | Reached XP level 5. HP: 30/42 MP: 2/6
  4171 | D:4      | Found a staircase to the Ecumenical Temple.
  4174 | D:4      | Reached skill level 6 in Earth Magic
  4259 | D:4      | Reached XP level 6. HP: 32/49 MP: 0/7
  4603 | D:3      | HP: 11/49 [lemure[Pikel] (4)]
  4703 | D:4      | Reached skill level 4 in Spellcasting
  4809 | D:4      | HP: 9/49 [Pikel/+1 whip of freezing (9)]
  4831 | D:4      | Killed Pikel
  4832 | D:4      | Reached skill level 5 in Spellcasting
  4832 | D:4      | Reached skill level 8 in Earth Magic
  4832 | D:4      | Reached XP level 7. HP: 19/55 MP: 0/9
  5314 | D:5      | Entered Level 5 of the Dungeon
  5386 | D:5      | Reached skill level 9 in Earth Magic
  5411 | D:5      | You pick up a book of Rime and begin reading...
  5423 | D:5      | Noticed a troll
  5427 | D:5      | HP: 13/55 [troll (6)]
  5428 | D:5      | Killed a troll
  5429 | D:5      | Reached skill level 10 in Earth Magic
  5429 | D:5      | Reached XP level 8. HP: 15/62 MP: 6/10
  5513 | D:6      | Reached skill level 11 in Earth Magic
  5642 | D:6      | Found a radiant altar of Vehumet.
  5660 | D:6      | Found an ornate altar of the Wu Jian Council.
  5806 | D:6      | Reached skill level 3 in Necromancy
  5931 | D:6      | HP: 12/62 [centaur/arrow (5)]
  5937 | D:6      | Learned a level 3 spell: Vampiric Draining
  5981 | D:6      | Reached skill level 4 in Necromancy
  6052 | D:6      | HP: 12/62 [gnoll/+0 halberd (11)]
  6312 | D:6      | Reached skill level 5 in Necromancy
  7288 | D:7      | Reached skill level 6 in Necromancy
  7420 | D:7      | Reached *** piety under Kikubaaqudgha
  7420 | D:7      | You add the spells Anguish, Animate Dead, Borgnjor's Vile
                  | Clutch, Excruciating Wounds and Simulacrum to your library.
  7420 | D:7      | Received a gift from Kikubaaqudgha
  7421 | D:7      | Found a flagged portal.
  7431 | D:7      | Learned a level 4 spell: Animate Dead
  7498 | Bailey   | Entered a bailey
  7584 | Bailey   | Reached skill level 7 in Necromancy
  7584 | Bailey   | Gained mutation: You passively map the area around you.
                  | [Deep Dwarf growth]
  7584 | Bailey   | Reached XP level 9. HP: 58/68 MP: 11/11
  7760 | Bailey   | Reached skill level 8 in Necromancy
  7831 | Bailey   | Learned a level 5 spell: Borgnjor's Vile Clutch
  7850 | Bailey   | HP: 16/66 [kobold brigand/+0 war axe (1)]
  7886 | Bailey   | HP: 3/66 [orc warrior/+0 war axe (13)]
  7887 | Bailey   | Slain by an orc warrior

Vanquished Creatures
  Pikel (D:4)
  A troll (D:5)
  A steam dragon (D:6)
  A black bear (D:7)
  2 orc warriors (Bailey)
  An ogre (D:4)
  2 lemures (D:3)
  A centaur (D:6)
  4 kobold brigands (Bailey)
  2 bullfrogs (D:6)
  4 scorpions
  A howler monkey (D:5)
  3 gnoll shamans
  2 hounds
  12 gnolls
  11 adders
  A river rat (D:4)
  4 worms
  4 dart slugs
  6 orcs
  10 bats
  6 endoplasms
  6 giant cockroaches
  3 hobgoblins
  5 jackals
  2 quokkas (D:4)
  3 ball pythons
  2 frilled lizards (D:3)
  5 goblins
  13 kobolds
  7 rats
126 creatures vanquished.

Vanquished Creatures (collateral kills)
  An adder (D:2)
  A kobold (D:2)
2 creatures vanquished.

Grand Total: 128 creatures vanquished

Table legend:
 A = Non-vault XP
 B = Vault XP
 C = Vault XP percentage of total XP
 D = Non-vault monster count
 E = Vault monster count
 F = Vault count percentage of total count
                 A         B        C        D         E       F
            +---------+---------+-------+---------+---------+-------
      Total |    2052 |    1328 |  39.3 |      97 |      29 |  23.0
            +---------+---------+-------+---------+---------+-------
        D:1 |      18 |       0 |   0.0 |      11 |       0 |   0.0
        D:2 |      69 |      21 |  23.3 |      15 |       5 |  25.0
        D:3 |     131 |      19 |  12.7 |      20 |       4 |  16.7
        D:4 |     246 |     624 |  71.7 |      14 |       5 |  26.3
        D:5 |     434 |       0 |   0.0 |       4 |       0 |   0.0
        D:6 |     876 |       1 |   0.1 |      26 |       1 |   3.7
        D:7 |     278 |       0 |   0.0 |       7 |       0 |   0.0
     Bailey |       0 |     663 | 100.0 |       0 |      14 | 100.0
            +---------+---------+-------+---------+---------+-------

Illustrated notes

Table legend:
 A = Kills in this place as a percentage of kills in entire the game.
 B = Kills by you in this place as a percentage of kills by you in the entire game.
 C = Kills by friends in this place as a percentage of kills by friends in the entire game.
 D = Other kills in this place as a percentage of other kills in the entire game.
 E = Experience gained in this place as a percentage of experience gained in the entire game.
 F = Experience gained in this place divided by the number of levels of this place that you have seen.
                   A       B       C       D       E      F
               +-------+-------+-------+-------+-------+----------------------
         Total | 100.0 | 100.0 | 100.0 |   N/A | 100.0 | 422.5
       Dungeon |  88.9 |  88.7 | 100.0 |   N/A |  80.4 | 388.1
        Bailey |  11.1 |  11.3 |   0.0 |   N/A |  19.6 | 663.0
               +-------+-------+-------+-------+-------+----------------------

Table legend: (Time is in decaauts)
 A = Elapsed time spent in this place.
 B = Non-inter-level travel time spent in this place.
 C = Inter-level travel time spent in this place.
 D = Time resting spent in this place.
 E = Time spent auto-exploring this place.
 F = Levels seen in this place.
 G = Mean time per level.
                   A        B        C        D        E       F      G
               +--------+--------+--------+--------+--------+-----+--------+
         Total |   7966 |   7824 |    142 |   1221 |   5215 |   8 |  995.8 |
       Dungeon |   7552 |   7410 |    142 |   1102 |   5073 |   7 | 1078.9 |
        Bailey |    413 |    413 |      0 |    119 |    142 |   1 |  413.0 |
               +--------+--------+--------+--------+--------+-----+--------+

Top non-repeatable levels by time:
     D:3: 1946 daAuts
     D:6: 1932 daAuts
     D:4: 1584 daAuts
     D:1: 1001 daAuts
     D:2: 843 daAuts
  Bailey: 413 daAuts
     D:7: 160 daAuts
     D:5: 84 daAuts
